 Dungeon Crawl Stone Soup version 0.27.0-1-g7a089689b8 (webtiles) character file.

Game seed: 10038268720209816484

4216 Spectrina the Pacifist (level 10, -2/54 HPs)
             Began as a Deep Elf Monk on Aug 1, 2021.
             Was an Elder of Elyvilon.
             Slain by Grum (7 damage)
             ... on level 9 of the Dungeon.
             The game lasted 01:13:32 (5284 turns).

Spectrina the Pacifist (Deep Elf Monk)              Turns: 5284, Time: 01:13:33

Health: -2/54      AC:  7    Str:  8    XL:     10   Next: 9%
Magic:  11/20      EV: 17    Int: 19    God:    Elyvilon [****..]
Gold:   393        SH:  0    Dex: 17    Spells: 0/20 levels left

rFire    . . .     SeeInvis .   a - +4 dagger (elec)
rCold    . . .     Faith    .   (no shield)
rNeg     . . .     Spirit   .   n - +0 steam dragon scales
rPois    .         Reflect  .   (no helmet)
rElec    .         Harm     .   (no cloak)
rCorr    .         Rampage  .   G - +0 pair of gloves
Will     +....                  E - +0 pair of boots
Stlth    +.........             l - amulet of the acrobat
HPRegen  0.18/turn              v - ring of wizardry
MPRegen  0.17/turn              H - +4 ring of evasion

@: confused, ambrosia-drunk
A: no striking features
a: Renounce Religion, Lesser Healing, Heal Other, Purification, Greater Healing,
Divine Protection


You were on level 9 of the Dungeon.
You worshipped Elyvilon.
Elyvilon was greatly pleased with you.
You visited 2 branches of the dungeon, and saw 11 of its levels.

You collected 393 gold pieces.

Inventory:

Hand Weapons
 a - a +4 dagger of electrocution (weapon)
 b - a +0 hunting sling
 e - a +0 shortbow
 w - a +0 short sword of venom
Missiles
 d - 192 stones
 x - 86 arrows
 B - 9 bolts
 C - 30 poisoned darts (quivered)
 J - 11 sling bullets
 N - 2 throwing nets
 O - 4 atropa-tipped darts
 Q - a curare-tipped dart
Armour
 m - a +0 robe
 n - +0 steam dragon scales (worn)
 p - the +8 plate armour of Skepticism {-Tele rC+ Int+5}
   (You found it on level 4 of the Dungeon)

   Int:       It affects your intelligence (+5).
   rC:        It protects you from cold.
   -Tele:     It prevents most forms of teleportation.
 E - a +0 pair of boots (worn)
 G - a +0 pair of gloves (worn)
 I - a +0 leather armour of fire resistance
Jewellery
 h - a ring of protection from cold
 l - an amulet of the acrobat (around neck)
 v - a ring of wizardry (left hand)
 H - a +4 ring of evasion (right hand)
Wands
 s - a wand of flame (2)
 A - a wand of polymorph (11)
 M - a wand of iceblast (12)
Scrolls
 c - 5 scrolls of teleportation
 f - a scroll of fog {unknown}
 g - 3 scrolls of blinking
 q - a scroll of vulnerability {unknown}
 r - a scroll of fear {unknown}
 u - a scroll of noise {unknown}
 y - 3 scrolls of amnesia
 z - a scroll of magic mapping {unknown}
 D - a scroll of brand weapon
 K - a scroll of immolation {unknown}
Potions
 i - 6 potions of curing
 j - a potion of cancellation
 k - a potion of lignification
 o - 5 potions of haste
 t - 2 potions of ambrosia
 F - 2 potions of attraction
 L - a potion of might
 P - a potion of magic {unknown}


   Skills:
 - Level 2.4 Fighting
 - Level 3.0 Short Blades
 - Level 3.6 Dodging
 + Level 5.4 Stealth
 + Level 5.6 Spellcasting
 - Level 5.0 Conjurations
 + Level 3.3 Hexes
 * Level 4.1 Summonings
 + Level 5.5 Ice Magic
 + Level 8.0 Invocations
 + Level 7.7 Evocations


You couldn't memorise any spells.
You knew the following spells:

 Your Spells              Type           Power      Damage    Failure   Level
a - Freeze                Ice            100%       1d11      1%          1
e - Frozen Ramparts       Ice            52%        1d7       1%          3
m - Corona                Hex            20%        N/A       1%          1
o - Summon Mana Viper     Hex/Summ       19%        N/A       26%         5
p - Summon Ice Beast      Ice/Summ       23%        N/A       6%          4
r - Hailstorm             Conj/Ice       25%        3d7       5%          4
x - Apportation           Tloc           10%        N/A       4%          1
y - Summon Small Mammal   Summ           84%        N/A       1%          1

Your spell library contained the following spells:

 Spells                   Type           Power      Damage    Failure   Level
 Animate Skeleton         Necr           10%        N/A       4%          1
 Passwall                 Tmut/Erth      4%         N/A       8%          2
 Swiftness                Air            5%         N/A       14%         3
 Invisibility             Hex            9%         N/A       85%         6
 Monstrous Menagerie      Summ           10%        N/A       99%         7


Dungeon Overview and Level Annotations

Branches:
Dungeon (10/15)            Temple (1/1) D:4
   Lair: D:8-11         Orc: D:9-12

Altars:
Dithmenos
Elyvilon
Gozag
Hepliaklqana
Kikubaaqudgha
Makhleb
Nemelex Xobeh
Okawaru
Trog
Zin
The Shining One

Shops:
D:7 :   D:8 =

Annotations:
D:8 Psyche
D:9 2 runed translucent doors, exclusion: ice statue, Grum


Message History

Unknown command.
Press: ? - help, Dir - move target, f - orc warrior Heal: an orc warrior, wielding a +0 hand axe and wearing a +0 chain mail (heavily wounded, chance to pacify: 56%) Unknown command.
Press: ? - help, Dir - move target, f - orc warrior Heal: an orc warrior, wielding a +0 hand axe and wearing a +0 chain mail (heavily wounded, chance to pacify: 56%) Unknown command.
Aiming: Polymorph
Press: ? - help, Shift-Dir - straight line, f - orc warrior
Aim: an orc warrior, wielding a +0 hand axe and wearing a +0 chain mail (heavily wounded, will become a swamp drake, a centaur, or a jelly, chance to affect: 68%)
Okay, then.
Unknown command.
Okay, then.
Okay, then.
Unknown command.
Aiming: Iceblast
Press: ? - help, Shift-Dir - straight line
Okay, then.
Unknown command.
You hit the orc warrior but do no damage.
The orc warrior is heavily wounded.
The wall freezes Grum.
Grum hits you from afar with a -2 spear!
* * * LOW HITPOINT WARNING * * *
The wall freezes the orc warrior.
The orc warrior hits you but does no damage.
The wall freezes Grum.
Grum completely misses you.
Unknown command.
You are confused.
You feel invigorated.
The frozen ramparts melt away.
A wolf comes into view.
Grum closely misses you. The orc warrior misses you.
Unknown command.
You bump into the rock wall.
Grum hits you from afar with a -2 spear!
* * * LOW HITPOINT WARNING * * *
The orc warrior hits you with a +0 hand axe.
* * * LOW HITPOINT WARNING * * *
Grum hits you from afar with a -2 spear!
You die...

.. ####.#
........°..
#.##....#
...........
##..##.o.###.# #.#
#°#. ........†#
#.# #.# #...
########†###.# #.#
###. ##†..##
#.########. ##g(#
#.......... #oh#
###.#####.. #@.#
#####.#####.. #..#
#............ #..#
#.###........ #..#
#.##.........
#..###.##........#
#...............##
###.###.###.######
## .....#.# #.#
O...#.#.#.# #.#


You could see Grum (fast), an orc warrior and a wolf (wandering).

Vanquished Creatures
  Pikel (D:8)
  4 yaks (D:8)
  2 wyverns (D:9)
  A steam dragon (D:8)
  Edmund (D:4)
  2 water moccasins
  3 orc warriors
  An ice beast (D:5)
  A black bear (D:4)
  A centaur (D:8)
  2 ogres
  A wolf (D:9)
  A lemure (D:8)
  A kobold brigand (D:8)
  A bullfrog (D:6)
  3 scorpions
  A water moccasin zombie (D:5)
  6 killer bees (D:9)
  A howler monkey (D:8)
  2 centaur zombies (D:8)
  A bullfrog zombie (D:5)
  A jelly (D:6)
  2 hounds
  3 orc priests
  Natasha (twice) (D:4)
  5 iguanas
  8 orc wizards
  A killer bee zombie (D:8)
  A hound skeleton (D:5)
  A howler monkey zombie (D:7)
  3 gnolls (D:7)
  A howler monkey skeleton (D:5)
  3 adders
  A shadow imp (D:6)
  2 ufetubi (D:5)
  An adder skeleton (D:3)
  3 worms
  22 orcs
  2 ball pythons
  A giant cockroach (D:2)
  A goblin (D:2)
  9 hobgoblins
  4 quokkas
  4 bats
  3 frilled lizards
  12 kobolds
  2 rats
135 creatures vanquished.

Vanquished Creatures (collateral kills)
  A yak (D:9)
  A water moccasin (D:9)
  An orc (D:8)
3 creatures vanquished.

Vanquished Creatures (others)
  Natasha (D:4)
  2 fungi (D:9)
  17 plants (D:9)
20 creatures vanquished.

Grand Total: 158 creatures vanquished

Notes
Turn   | Place    | Note
-------+----------+-------------------------------------------
     0 | D:1      | Spectrina the Deep Elf Monk began the quest for the Orb.
     0 | D:1      | Reached XP level 1. HP: 13/13 MP: 3/3
   132 | D:2      | Reached XP level 2. HP: 18/18 MP: 4/4
   149 | D:2      | Found a faded altar of an unknown god.
   158 | D:2      | Got Plato's Almanac of the Traveller
   272 | D:4      | Noticed an ogre
   435 | D:4      | Identified the +8 plate armour of Skepticism {-Tele rC+
                  | Int+5}
   511 | D:3      | Reached skill level 1 in Invocations
   511 | D:3      | Reached XP level 3. HP: 21/22 MP: 5/5
   651 | D:4      | Noticed Edmund
   651 | D:4      | Noticed Natasha
   654 | D:5      | Entered Level 5 of the Dungeon
   669 | D:5      | Noticed a scorpion
   677 | D:5      | Reached skill level 2 in Invocations
   692 | D:5      | Killed a scorpion
   693 | D:5      | Reached skill level 4 in Invocations
   693 | D:5      | Reached XP level 4. HP: 15/27 MP: 7/9
   767 | D:5      | Reached XP level 5. HP: 20/31 MP: 10/10
   783 | D:5      | Reached skill level 1 in Evocations
   818 | D:5      | You fall into a shaft and drop 2 floors!
   904 | D:6      | Found a hazy altar of Hepliaklqana.
  1001 | D:6      | Reached XP level 6. HP: 26/36 MP: 11/11
  1173 | D:6      | Reached skill level 5 in Invocations
  1218 | D:6      | Noticed a water moccasin
  1241 | D:6      | Killed a water moccasin
  1413 | D:5      | Reached skill level 5 in Evocations
  1413 | D:5      | Reached XP level 7. HP: 15/40 MP: 11/13
  1488 | D:5      | Reached skill level 1 in Conjurations
  1488 | D:5      | Reached skill level 1 in Ice Magic
  1596 | D:7      | Found Terugh's Book Shoppe.
  1612 | D:7      | Found an iron altar of Okawaru.
  2115 | D:6      | Reached skill level 6 in Invocations
  2326 | D:4      | Killed Edmund
  2334 | D:4      | Killed Natasha
  2335 | D:4      | Reached XP level 8. HP: 10/45 MP: 14/14
  2374 | D:4      | Killed Natasha
  2382 | D:4      | Noticed Natasha
  2389 | D:4      | Killed Natasha
  2432 | D:4      | Learned a level 1 spell: Freeze
  2438 | D:5      | Learned a level 3 spell: Frozen Ramparts
  2486 | D:4      | Found a staircase to the Ecumenical Temple.
  2495 | Temple   | Entered the Ecumenical Temple
  2517 | Temple   | Became a worshipper of Elyvilon the Healer
  2517 | Temple   | Reached * piety under Elyvilon
  2517 | Temple   | Reached ** piety under Elyvilon
  2931 | D:4      | Reached skill level 1 in Spellcasting
  2936 | D:4      | Learned a level 4 spell: Hailstorm
  3631 | D:8      | Reached *** piety under Elyvilon
  3751 | D:8      | Found Fehobale's Jewellery Emporium.
  3937 | D:8      | Reached skill level 7 in Invocations
  3970 | D:8      | Reached XP level 9. HP: 23/49 MP: 0/17
  3988 | D:8      | Learned a level 4 spell: Summon Ice Beast
  3990 | D:8      | Learned a level 1 spell: Apportation
  3992 | D:8      | Learned a level 1 spell: Summon Small Mammal
  4002 | D:8      | Learned a level 1 spell: Corona
  4254 | D:8      | Noticed Psyche
  4276 | D:8      | Reached skill level 1 in Summonings
  4370 | D:8      | Reached skill level 1 in Hexes
  4548 | D:8      | Noticed Pikel
  4569 | D:8      | Killed Pikel
  4570 | D:8      | Reached skill level 5 in Conjurations
  4570 | D:8      | Reached skill level 5 in Ice Magic
  4594 | D:8      | Reached skill level 5 in Spellcasting
  4741 | D:9      | Found a large runed translucent door.
  4741 | D:9      | Found a large runed translucent door.
  4808 | D:10     | Entered Level 10 of the Dungeon
  4862 | D:10     | Noticed a gargoyle
  4964 | D:9      | Reached skill level 5 in Stealth
  5061 | D:9      | Noticed a two-headed ogre
  5125 | D:9      | Noticed an ice statue
  5137 | D:9      | Reached **** piety under Elyvilon
  5162 | D:9      | Noticed a two-headed ogre
  5197 | D:9      | Reached XP level 10. HP: 54/54 MP: 2/20
  5207 | D:9      | Reached skill level 8 in Invocations
  5213 | D:9      | Learned a level 5 spell: Summon Mana Viper
  5277 | D:9      | Noticed Grum
  5284 | D:9      | Slain by Grum

Illustrated notes

Levels and vault maps discovered:
D:1:      lightli_arrival_maybe_door_vault, layout_basic, minmay_tiny_reverse_x
D:2:      layout_basic, shapermc_ecumenical_altar_rom_forum, moated_statue,
          serial_park_tiny_2
D:3:      minmay_spotlight, layout_loops_ring, dk_noncrumbling_2
D:4:      layout_cave_pools, lemuel_temple_firewalk_b, uniq_edmund, uniq_natasha
D:5:      layout_rooms
D:6:      layout_layer_cave, mainiacjoe_overflow_chevrons,
          nzn_wu_jian_council_hall, chequers_garden, minmay_misc_feat_nine_boxes
D:7:      layout_gridville, okawaru_trees_1, serial_shops, shop
D:8:      layout_basic, serial_shops, nicolae_shop_statue_plus, uniq_psyche,
          uniq_pikel
D:9:      layout_loops_ring, jmf_multi_god_temple2, minmay_lair_entry_grove,
          minivault_16, minmay_misc_feat_iff, serial_bayou_pond_b, uniq_grum
D:10:     layout_roguey [special_room_orc], tgw_fedhas, david_orc_2
Temple:   nicolae_temple_elliptical

Skill      XL: |  1  2  3  4  5  6  7  8  9 10 |
---------------+-------------------------------+-----
Stealth        | 3 4 5 |  5.4
Invocations    | 1 4 5 6 7 8 |  8.0
Evocations     | 3 5 6 7 |  7.7
Conjurations   | 2 4 5 |  5.0
Ice Magic      | 2 4 5 |  5.5
Spellcasting   | 4 5 |  5.6
Summonings     | 3 4 |  4.1
Hexes          | 3 |  3.3
Fighting       | |  2.4
Short Blades   | |  3.0
Dodging        | |  3.6

Action                   |  1- 3 |  4- 6 |  7- 9 | 10-12 || total
-------------------------+-------+-------+-------+-------++-------
Melee: Short sword       |    10 |       |       |       ||    10
       Quarterstaff      |    40 |    97 |   110 |       ||   247
       Dagger            |    16 |       |   104 |     9 ||   129
       Unarmed           |       |       |     9 |       ||     9
 Fire: Hunting sling     |     7 |    49 |    37 |       ||    93
Throw: Dart              |       |       |    36 |     4 ||    40
 Cast: Frozen Ramparts   |       |       |    27 |     3 ||    30
       Freeze            |       |       |    22 |       ||    22
       Hailstorm         |       |       |    21 |       ||    21
       Summon Ice Beast  |       |       |     6 |     1 ||     7
       Summon Small Mamm |       |       |     2 |       ||     2
Invok: Heal Other        |       |       |     1 |       ||     1
Evoke: Wand              |     1 |    12 |    21 |       ||    34
  Use: Potion            |       |     2 |     4 |     1 ||     7
       Scroll            |       |       |    14 |       ||    14
 Stab: Sleeping          |     4 |       |     6 |       ||    10
       Paralysed         |     6 |     1 |    21 |       ||    28
Armor: Robe              |     7 |       |     3 |       ||    10
       Plate armour      |    20 |   155 |   103 |       ||   278
       Skin              |       |       |     8 |       ||     8
       Leather armour    |       |       |    14 |       ||    14
       Steam dragon scal |       |       |     5 |     1 ||     6
Dodge: Dodged            |    33 |     3 |   151 |     8 ||   195
